General information
- name: BNet
- type: Ladder team game (AT/RT)
- host: Battle.net
- saver: k0d0s_forsak3n.
map: Mur'gulOasis
- players: 8
- length: 116:17
- speed: Fast
- version: 1.24 W3XP
- replay type: Public
» download(387 KB)
Players
team 1 (loser)

»
Bispho (
yellow | 8 APM | 895 actions | 116:15)
4 Warden
2 Shadow Strike
2 Fan of Knives
3 Priestess of the Moon
2 Trueshot Aura
1 Searing Arrows
3 Keeper of the Grove
2 Thorns Aura
1 Entangling Roots
» actions
| Build / train | 64 | |
| Enter build submenu | 18 | |
| Enter hero's abilities submenu | 10 | |
| Remove unit from queue | 1 | |
| Right click | 393 | |
| Select / deselect | 326 | |
| Use ability | 83 | |
895 total
» units
| Wisp | 14 | |
| Archer | 3 | |
| Huntress | 6 | |
| Dryad | 6 | |
| Druid of the Claw | 7 | |
36 total
» upgrades
| Strength of the Moon | 1 | |
| Abolish Magic | 1 | |
| Druid of the Claw Training | 2 | |
| Strength of the Wild | 2 | |
| Reinforced Hides | 2 | |
| Mark of the Claw | 1 | |
| Moon Armor | 1 | |
10 total
» buildings
| Altar of Elders | 1 | |
| Moon Well | 7 | |
| Ancient of War | 1 | |
| Hunter's Hall | 1 | |
| Tree of Ages | 1 | |
| Ancient of Wonders | 3 | |
| Ancient of Lore | 2 | |
| Tree of Eternity | 1 | |
| Tree of Life | 2 | |
19 total
» build order
00:08 Altar of Elders
00:14 Moon Well
01:10 Ancient of War
01:28 Moon Well
02:03 Hunter's Hall
03:22 Moon Well
04:17 Moon Well
04:29 Tree of Ages
05:19 Ancient of Wonders
07:11 Ancient of Lore
07:20 Ancient of Lore
08:33 Tree of Eternity
11:32 Moon Well
13:09 Moon Well
15:31 Moon Well
16:53 Ancient of Wonders
17:02 Ancient of Wonders
28:41 Tree of Life
29:30 Tree of Life
» items
| Scroll of Town Portal | 2 | |
| Orb of Venom | 1 | |
3 total
OBrother (
pink | 39 APM | 4531 actions | 116:15)
10 Blademaster
3 Wind Walk
3 Critical Strike
1 Bladestorm
3 Mirror Image
10 Firelord
3 Soul Burn
3 Incinerate
3 Summon Lava Spawn
1 Volcano
» actions
| Assign group hotkey | 159 | |
| Basic commands | 363 | |
| Build / train | 178 | |
| Enter build submenu | 75 | |
| Enter hero's abilities submenu | 20 | |
| Give item / drop item | 34 | |
| Remove unit from queue | 9 | |
| Right click | 2306 | |
| Select / deselect | 772 | |
| Select group hotkey | 272 | |
| Use ability | 343 | |
4531 total
» units
» upgrades
| Armor | 3 | |
| Ranged Weapons | 3 | |
| Pillage | 1 | |
| Envenomed Spears | 1 | |
| Reinforced Defenses | 1 | |
| Spiked Barricades | 2 | |
11 total
» buildings
| Orc Burrow | 9 | |
| Altar of Storms | 1 | |
| Barracks | 1 | |
| Voodoo Lounge | 5 | |
| Stronghold | 1 | |
| War Mill | 17 | |
| Beastiary | 4 | |
| Watch Tower | 37 | |
| Great Hall | 3 | |
| Fortress | 1 | |
79 total
» build order
00:21 Orc Burrow
00:28 Altar of Storms
00:51 Barracks
01:35 Orc Burrow
01:48 Voodoo Lounge
03:54 Orc Burrow
03:56 Stronghold
04:15 War Mill
06:22 Beastiary
06:23 Beastiary
07:30 Orc Burrow
09:00 Watch Tower
09:02 Watch Tower
09:05 Watch Tower
10:29 Great Hall
11:34 Watch Tower
11:34 Watch Tower
11:35 Watch Tower
11:37 Watch Tower
11:38 Watch Tower
11:39 Watch Tower
13:18 Orc Burrow
13:24 Orc Burrow
14:27 Fortress
18:17 War Mill
20:17 Watch Tower
20:18 Watch Tower
20:19 Watch Tower
20:20 Watch Tower
20:21 Watch Tower
20:24 Watch Tower
20:26 Watch Tower
20:27 Watch Tower
23:20 Watch Tower
23:20 Watch Tower
23:20 Watch Tower
23:21 Watch Tower
23:21 Watch Tower
23:22 Watch Tower
23:22 Watch Tower
23:27 War Mill
25:09 Beastiary
25:10 Beastiary
28:40 Great Hall
29:48 Watch Tower
29:49 Watch Tower
29:49 Watch Tower
29:50 Watch Tower
29:51 Watch Tower
29:52 Watch Tower
31:10 Watch Tower
31:14 Watch Tower
31:20 Watch Tower
31:25 Watch Tower
31:48 Watch Tower
32:25 Watch Tower
32:26 Watch Tower
35:30 Great Hall
57:41 Voodoo Lounge
61:04 War Mill
61:07 War Mill
61:09 War Mill
61:11 War Mill
61:13 War Mill
61:16 War Mill
61:18 War Mill
61:19 War Mill
61:22 War Mill
61:23 War Mill
61:24 War Mill
61:29 War Mill
61:30 War Mill
64:48 War Mill
65:07 Voodoo Lounge
70:45 Voodoo Lounge
70:47 Voodoo Lounge
87:08 Orc Burrow
87:11 Orc Burrow
87:31 Orc Burrow
» items
| Healing Salve | 10 | |
| Circlet of Nobility | 5 | |
| Boots of Speed | 1 | |
| Staff of Teleportation | 1 | |
| Lesser Clarity Potion | 4 | |
| Scroll of Town Portal | 4 | |
| Orb of Lightning | 1 | |
| Tiny Great Hall | 3 | |
| Potion of Healing | 5 | |
| Periapt of Vitality | 6 | |
| Potion of Mana | 4 | |
44 total
zZ13ManZz (
orange | 8 APM | 927 actions | 116:15)
5 Keeper of the Grove
2 Force of Nature
2 Entangling Roots
1 Thorns Aura
» actions
| Basic commands | 4 | |
| Build / train | 59 | |
| Enter build submenu | 18 | |
| Enter hero's abilities submenu | 5 | |
| Right click | 404 | |
| Select / deselect | 392 | |
| Use ability | 45 | |
927 total
» units
» upgrades
| Strength of the Wild | 3 | |
| Reinforced Hides | 4 | |
| Abolish Magic | 1 | |
8 total
» buildings
| Moon Well | 9 | |
| Altar of Elders | 1 | |
| Ancient of War | 1 | |
| Hunter's Hall | 1 | |
| Ancient Protector | 1 | |
| Tree of Ages | 1 | |
| Ancient of Lore | 2 | |
| Tree of Eternity | 1 | |
17 total
» build order
00:08 Moon Well
00:11 Altar of Elders
01:12 Ancient of War
02:20 Hunter's Hall
02:30 Moon Well
03:25 Moon Well
03:29 Ancient Protector
04:21 Moon Well
06:04 Moon Well
06:11 Tree of Ages
09:17 Ancient of Lore
09:22 Ancient of Lore
09:29 Moon Well
09:32 Moon Well
20:40 Tree of Eternity
24:25 Moon Well
24:27 Moon Well

»
Sangre (
purple | 4 APM | 522 actions | 116:15)
3 Death Knight
2 Unholy Aura
1 Death Pact
2 Goblin Tinker
1 Pocket Factory
1 Engineering Upgrade
» actions
| Basic commands | 2 | |
| Build / train | 43 | |
| Enter build submenu | 14 | |
| Enter hero's abilities submenu | 7 | |
| Remove unit from queue | 1 | |
| Right click | 116 | |
| Select / deselect | 315 | |
| Use ability | 23 | |
522 total
» units
| Acolyte | 2 | |
| Ghoul | 12 | |
| Crypt Fiend | 15 | |
29 total
» upgrades
» buildings
| Ziggurat | 9 | |
| Altar of Darkness | 2 | |
| Crypt | 3 | |
| Graveyard | 1 | |
| Halls of the Dead | 1 | |
| Spirit Tower | 2 | |
| Black Citadel | 1 | |
19 total
» build order
00:09 Ziggurat
00:13 Altar of Darkness
00:17 Crypt
01:15 Crypt
01:47 Ziggurat
03:30 Graveyard
04:00 Ziggurat
06:55 Halls of the Dead
07:04 Ziggurat
07:45 Ziggurat
07:51 Ziggurat
08:16 Crypt
12:01 Spirit Tower
12:32 Altar of Darkness
13:45 Ziggurat
13:48 Ziggurat
13:50 Ziggurat
16:45 Black Citadel
17:59 Spirit Tower
team 2 (winner)

»
chewbacca25 (
blue | 30 APM | 846 actions | 28:38)
6 Mountain King
2 Bash
3 Storm Bolt
1 Avatar
» actions
| Basic commands | 60 | |
| Build / train | 66 | |
| Enter build submenu | 27 | |
| Enter hero's abilities submenu | 6 | |
| Give item / drop item | 1 | |
| Remove unit from queue | 2 | |
| Right click | 302 | |
| Select / deselect | 304 | |
| Use ability | 78 | |
846 total
» units
| Peasant | 9 | |
| Priest | 9 | |
| Spell Breaker | 6 | |
| Sorceress | 10 | |
34 total
» upgrades
| Priest Training | 2 | |
| Sorceress Training | 2 | |
4 total
» buildings
| Altar of Kings | 1 | |
| Farm | 12 | |
| Keep | 1 | |
| Scout Tower | 4 | |
| Arcane Vault | 1 | |
| Lumber Mill | 1 | |
| Guard Tower | 3 | |
| Arcane Sanctum | 3 | |
| Castle | 1 | |
| Arcane Tower | 1 | |
28 total
» build order
00:06 Altar of Kings
00:09 Farm
00:54 Farm
01:33 Farm
02:09 Farm
02:17 Keep
02:51 Scout Tower
02:53 Scout Tower
02:57 Scout Tower
02:58 Scout Tower
03:07 Arcane Vault
03:17 Farm
03:36 Lumber Mill
04:07 Guard Tower
04:47 Arcane Sanctum
05:03 Arcane Sanctum
06:22 Arcane Sanctum
07:36 Farm
09:18 Castle
09:19 Arcane Tower
09:40 Farm
12:04 Farm
18:32 Farm
18:32 Farm
18:55 Guard Tower
18:56 Guard Tower
20:31 Farm
20:32 Farm
» items
| Scroll of Regeneration | 1 | |
| Healing Salve | 1 | |
| Lesser Clarity Potion | 1 | |
| Scroll of Town Portal | 4 | |
| Ivory Tower | 3 | |
| Orb of Fire | 3 | |
13 total
i-dont-talk (
red | 33 APM | 1116 actions | 33:21)
5 Blood Mage
3 Flame Strike
2 Siphon Mana
» actions
| Basic commands | 3 | |
| Build / train | 80 | |
| Enter build submenu | 22 | |
| Enter hero's abilities submenu | 5 | |
| Right click | 579 | |
| Select / deselect | 363 | |
| Use ability | 64 | |
1116 total
» units
| Peasant | 13 | |
| Rifleman | 25 | |
| Priest | 5 | |
| Sorceress | 1 | |
| Siege Engine | 2 | |
46 total
» upgrades
| Gunpowder | 2 | |
| Long Rifles | 1 | |
| Armor | 1 | |
| Lumber Harvesting | 1 | |
| Masonry | 3 | |
| Priest Training | 2 | |
| Barrage | 1 | |
| Magic Sentry | 1 | |
12 total
» buildings
| Altar of Kings | 1 | |
| Barracks | 1 | |
| Farm | 10 | |
| Lumber Mill | 1 | |
| Scout Tower | 9 | |
| Arcane Tower | 3 | |
| Blacksmith | 1 | |
| Keep | 1 | |
| Arcane Vault | 1 | |
| Castle | 1 | |
| Arcane Sanctum | 1 | |
| Workshop | 1 | |
| Guard Tower | 5 | |
| Town Hall | 1 | |
37 total
» build order
00:10 Altar of Kings
00:14 Barracks
00:18 Farm
00:54 Farm
01:10 Lumber Mill
01:46 Scout Tower
01:58 Farm
02:01 Scout Tower
02:21 Arcane Tower
03:09 Blacksmith
03:23 Scout Tower
03:37 Arcane Tower
03:51 Farm
03:54 Farm
03:57 Arcane Tower
04:06 Keep
06:34 Arcane Vault
06:46 Castle
07:22 Arcane Sanctum
09:18 Farm
09:22 Farm
09:25 Farm
10:34 Farm
10:40 Farm
13:23 Workshop
18:24 Scout Tower
18:28 Scout Tower
18:30 Scout Tower
18:33 Scout Tower
18:35 Scout Tower
18:37 Scout Tower
20:21 Guard Tower
20:25 Guard Tower
23:27 Guard Tower
24:26 Guard Tower
27:29 Guard Tower
30:51 Town Hall
» items
| Potion of Healing | 1 | |
| Scroll of Protection | 1 | |
| Scroll of Healing | 1 | |
| Scroll of Regeneration | 1 | |
| Scroll of Town Portal | 1 | |
| Lesser Clarity Potion | 1 | |
6 total
k0d0s_forsak3n. (
teal | 41 APM | 4755 actions | 116:17)
10 Mountain King
3 Storm Bolt
3 Bash
1 Avatar
3 Thunder Clap
2 Blood Mage
1 Summon Phoenix
1 Siphon Mana
10 Firelord
3 Summon Lava Spawn
3 Soul Burn
1 Volcano
3 Incinerate
9 Pit Lord
3 Rain of Fire
2 Cleaving Attack
1 Doom
3 Howl of Terror
2 Paladin
1 Divine Shield
1 Holy Light
» actions
| Assign group hotkey | 87 | |
| Basic commands | 95 | |
| Build / train | 139 | |
| Enter build submenu | 39 | |
| Enter hero's abilities submenu | 36 | |
| Give item / drop item | 4 | |
| Remove unit from queue | 4 | |
| Right click | 1923 | |
| Select / deselect | 692 | |
| Select group hotkey | 1374 | |
| Use ability | 362 | |
4755 total
» units
| Peasant | 18 | |
| Footman | 5 | |
| Gryphon Rider | 19 | |
| Mortar Team | 4 | |
46 total
» upgrades
| Lumber Harvesting | 1 | |
| Masonry | 3 | |
| Animal War Training | 1 | |
| Swords | 1 | |
| Storm Hammers | 1 | |
| Armor | 1 | |
| Flare | 1 | |
9 total
» buildings
| Altar of Kings | 1 | |
| Barracks | 1 | |
| Farm | 84 | |
| Scout Tower | 13 | |
| Arcane Tower | 1 | |
| Arcane Vault | 1 | |
| Keep | 2 | |
| Lumber Mill | 1 | |
| Blacksmith | 5 | |
| Castle | 1 | |
| Guard Tower | 5 | |
| Gryphon Aviary | 2 | |
| Workshop | 1 | |
| Town Hall | 3 | |
| Cannon Tower | 2 | |
123 total
» build order
00:09 Altar of Kings
00:20 Barracks
00:36 Farm
00:51 Farm
01:34 Scout Tower
01:42 Farm
02:00 Arcane Tower
02:21 Arcane Vault
03:27 Keep
03:28 Keep
04:20 Lumber Mill
04:33 Farm
04:34 Farm
04:36 Farm
04:39 Scout Tower
04:41 Scout Tower
04:42 Scout Tower
05:17 Blacksmith
06:26 Castle
06:28 Guard Tower
06:35 Gryphon Aviary
07:38 Gryphon Aviary
07:44 Farm
07:44 Farm
07:45 Farm
09:52 Farm
09:53 Farm
09:53 Farm
11:39 Scout Tower
11:40 Scout Tower
11:40 Scout Tower
11:41 Scout Tower
12:32 Guard Tower
13:17 Guard Tower
13:31 Guard Tower
16:27 Workshop
16:33 Scout Tower
16:33 Scout Tower
16:33 Scout Tower
16:34 Scout Tower
17:58 Guard Tower
32:27 Town Hall
39:24 Farm
39:29 Farm
39:34 Farm
39:35 Farm
39:36 Farm
39:37 Farm
39:39 Farm
39:40 Farm
39:41 Farm
39:42 Farm
39:44 Farm
45:02 Farm
45:03 Farm
45:04 Farm
45:05 Farm
45:07 Farm
45:09 Farm
45:10 Farm
45:11 Farm
45:13 Farm
45:14 Farm
45:16 Farm
46:14 Farm
46:15 Farm
46:16 Farm
46:17 Farm
46:18 Farm
46:20 Farm
46:21 Farm
46:22 Farm
46:35 Farm
46:36 Farm
46:38 Farm
46:39 Farm
46:40 Farm
46:50 Farm
46:50 Farm
46:51 Farm
46:52 Farm
46:53 Farm
48:22 Farm
48:23 Farm
48:25 Farm
48:26 Farm
48:27 Farm
48:28 Farm
48:29 Farm
48:30 Farm
55:08 Cannon Tower
56:06 Farm
56:07 Farm
56:09 Farm
56:10 Farm
56:10 Farm
56:14 Farm
56:15 Farm
56:16 Farm
57:12 Farm
57:18 Farm
57:20 Farm
57:21 Farm
58:14 Town Hall
58:31 Town Hall
60:37 Farm
60:39 Farm
61:28 Farm
61:30 Farm
61:31 Farm
61:32 Farm
64:24 Farm
64:25 Farm
64:26 Farm
64:27 Farm
64:28 Farm
64:32 Farm
68:05 Cannon Tower
81:07 Blacksmith
81:09 Blacksmith
81:13 Blacksmith
81:14 Blacksmith
» items
| Scroll of Regeneration | 5 | |
| Lesser Clarity Potion | 3 | |
| Staff of Teleportation | 7 | |
| Dust of Appearance | 1 | |
| Scroll of Town Portal | 5 | |
| Ivory Tower | 5 | |
| Orb of Fire | 1 | |
27 total
HitR_in_dA_ShTR (
green | 37 APM | 1517 actions | 40:47)
6 Tauren Chieftain
2 War Stomp
3 Endurance Aura
1 Reincarnation
» actions
| Assign group hotkey | 32 | |
| Basic commands | 84 | |
| Build / train | 53 | |
| Enter build submenu | 13 | |
| Enter hero's abilities submenu | 6 | |
| Right click | 668 | |
| Select / deselect | 347 | |
| Select group hotkey | 239 | |
| Use ability | 75 | |
1517 total
» units
| Peon | 10 | |
| Grunt | 10 | |
| Troll Batrider | 6 | |
26 total
» upgrades
| Spiked Barricades | 1 | |
| Berserker Strength | 1 | |
| Armor | 2 | |
| Melee Weapons | 1 | |
| Pillage | 1 | |
6 total
» buildings
| Orc Burrow | 5 | |
| Altar of Storms | 1 | |
| Barracks | 3 | |
| Voodoo Lounge | 1 | |
| Stronghold | 1 | |
| War Mill | 1 | |
| Watch Tower | 2 | |
| Fortress | 1 | |
| Beastiary | 3 | |
18 total
» build order
00:12 Orc Burrow
00:14 Altar of Storms
01:45 Barracks
01:50 Barracks
01:57 Orc Burrow
02:23 Orc Burrow
02:30 Voodoo Lounge
06:47 Stronghold
06:54 Barracks
06:58 War Mill
07:03 Orc Burrow
07:04 Orc Burrow
09:43 Watch Tower
12:31 Fortress
12:49 Beastiary
12:53 Beastiary
12:56 Beastiary
13:21 Watch Tower
» items
| Healing Salve | 3 | |
| Scroll of Speed | 2 | |
| Lesser Clarity Potion | 2 | |
| Potion of Lesser Invulnerability | 2 | |
| Potion of Healing | 2 | |
| Staff of Teleportation | 1 | |
12 total
Chat log
(00:51 / Allies) chewbacca25: caster/breaker
(00:57 / All) HitR_in_dA_ShTR: go see Inception you pussies
(01:02 / All) k0d0s_forsak3n.: green probably has the best username ive seen on wc3
(01:03 / All) OBrother: Ain't none of ya'll bona fide
(01:14 / All) HitR_in_dA_ShTR: thank you I know
(01:20 / All) chewbacca25: im boner fied
(01:21 / All) k0d0s_forsak3n.: this is bnet, we don't leave our rooms
(03:53 / Allies) k0d0s_forsak3n.: salve me up blue
(04:26 / All) k0d0s_forsak3n.: was ellen page hot in inception
(04:50 / All) HitR_in_dA_ShTR: inception has the most epic soundtrack ever
(04:53 / Allies) chewbacca25: wood ne1?
(05:12 / Allies) HitR_in_dA_ShTR: TP ALL MORONS
(05:22 / Allies) k0d0s_forsak3n.: coming
(06:41 / Allies) k0d0s_forsak3n.: buy dust ho's
(06:42 / Allies) k0d0s_forsak3n.: stay there
(07:10 / Allies) k0d0s_forsak3n.: obviously he left
(08:10 / All) Sangre: D
(08:11 / All) Sangre: D
(08:11 / All) Sangre: D
(09:18 / Allies) k0d0s_forsak3n.: gold
(09:35 / Allies) chewbacca25: mine
(10:12 / Allies) chewbacca25: we just gonna fiddle fuck around r what
(10:13 / Allies) k0d0s_forsak3n.: gold assholes
(11:07 / All) HitR_in_dA_ShTR: lol nice purp
(11:24 / Allies) chewbacca25: thats all me bitches
(11:47 / Allies) chewbacca25: we should all hit together
(12:13 / Allies) chewbacca25: or not :/
(12:26 / Allies) chewbacca25: fucking idiot
(12:41 / Allies) HitR_in_dA_ShTR: im out
(12:43 / All) Sangre: lol nice green "moron"
(12:54 / All) k0d0s_forsak3n.: who said that
(12:57 / Allies) chewbacca25: sigh
(13:00 / All) Sangre: ur dad do
(13:01 / All) HitR_in_dA_ShTR: nice heroes purp
(13:03 / All) Sangre: when u bron
(13:05 / All) Sangre: born
(13:41 / Allies) chewbacca25: r we going to even try and play like a team?
(13:47 / Allies) chewbacca25: if not ill suicide and leave
(13:53 / Allies) HitR_in_dA_ShTR: im getting bats right now
(13:55 / Allies) HitR_in_dA_ShTR: to kill pink
(14:00 / Allies) k0d0s_forsak3n.: no
(14:07 / Allies) k0d0s_forsak3n.: i got pinks wyverns
(14:11 / Allies) HitR_in_dA_ShTR: meet
(15:31 / Allies) chewbacca25: and we lose
(15:35 / Allies) k0d0s_forsak3n.: no we dont
(15:41 / Allies) chewbacca25: riiiiight
(15:45 / Allies) chewbacca25: we have no aa
(15:57 / Allies) chewbacca25: see
(16:04 / Allies) k0d0s_forsak3n.: yea and no hero
(16:05 / Allies) k0d0s_forsak3n.: idiot
(16:06 / Allies) k0d0s_forsak3n.: no hoer
(16:07 / Allies) k0d0s_forsak3n.: wow
(17:09 / Allies) k0d0s_forsak3n.: lets hit yellow
(18:09 / Allies) k0d0s_forsak3n.: finish purple
(18:18 / Allies) k0d0s_forsak3n.: acos hall
(18:38 / Allies) k0d0s_forsak3n.: acos
(18:38 / All) OBrother: plug pullin pickininny
(18:40 / All) HitR_in_dA_ShTR: lol owned u purple
(19:08 / Allies) HitR_in_dA_ShTR: teal KILL PINKS BURROWS
(19:58 / All) OBrother: lawl
(20:00 / Allies) HitR_in_dA_ShTR: HIT PINK NOW
(20:02 / All) OBrother: almost lost my hero cuz the tp didn't go thru
(20:04 / Allies) HitR_in_dA_ShTR: HIT HIM WHILE HES CASTED ON
(20:05 / Allies) k0d0s_forsak3n.: not pink
(20:06 / Allies) k0d0s_forsak3n.: idiot
(20:07 / Allies) k0d0s_forsak3n.: not pink
(20:09 / Allies) k0d0s_forsak3n.: hit orange
(21:09 / Allies) HitR_in_dA_ShTR: TEAL GO TO PINK
(21:12 / Allies) HitR_in_dA_ShTR: FUCK RED GO TO PINK TEAL
(21:23 / Allies) HitR_in_dA_ShTR: MORON TEAL
(21:26 / Allies) HitR_in_dA_ShTR: STUPID FUCKING MORON
(21:34 / Allies) HitR_in_dA_ShTR: HIT PINK NOW ALL OF U STUPID MORONS
(21:42 / Allies) chewbacca25: ink yall are all morons
(22:18 / All) HitR_in_dA_ShTR: gg teal is worthless
(22:40 / All) zZ13ManZz: weres teal?
(22:51 / All) OBrother: fucking little nigger
(23:02 / All) k0d0s_forsak3n.: fail tc is fail
(23:12 / All) HitR_in_dA_ShTR: sorry what noob?
(23:14 / All) k0d0s_forsak3n.: ty for giving me ur gold fool
(23:37 / All) Sangre: teal its a bser?
(23:50 / Allies) chewbacca25: fuck
(23:52 / All) k0d0s_forsak3n.: green got upset at me
(23:53 / Allies) chewbacca25: noooooooooo gold
(23:59 / All) Sangre: lol ok
(23:59 / All) HitR_in_dA_ShTR: teal is a moron we lost bc of him
(24:03 / All) Sangre: lol
(24:11 / All) Sangre: teal cna u get red main pls?
(24:12 / All) Sangre: xD
(24:31 / Allies) chewbacca25: nice flying sheep bitch
(24:52 / All) OBrother: I got that motherfuckers hero
(24:58 / All) OBrother: I don't tolerate fags that play with fire
(25:30 / All) HitR_in_dA_ShTR: lol we win now bc pink actually sucks more dick than teal
(25:30 / All) k0d0s_forsak3n.: green
(25:32 / All) k0d0s_forsak3n.: u do realize
(25:33 / Allies) chewbacca25: red...
(25:37 / All) k0d0s_forsak3n.: this isn't half the show
(25:39 / All) HitR_in_dA_ShTR: teal how's my dick taste fag boy?
(25:52 / All) HitR_in_dA_ShTR: teal is a fucking moron he has griffs all game doesnt do shit with em'
(25:54 / All) k0d0s_forsak3n.: i love it
(26:08 / Allies) chewbacca25: funny we r the only ones doing anything?
(26:18 / All) k0d0s_forsak3n.: lawl blue just TOLD green
(26:29 / Allies) chewbacca25: well its true...
(26:41 / All) zZ13ManZz: cmon
(26:44 / All) zZ13ManZz: go fer red
(27:03 / All) k0d0s_forsak3n.: gogoog
(27:11 / All) zZ13ManZz: for red
(27:47 / All) HitR_in_dA_ShTR: go get me a win slave teal
(28:19 / All) HitR_in_dA_ShTR: lol teal has a huge army runs like a bitch boy
(28:26 / All) k0d0s_forsak3n.: green
(28:30 / All) k0d0s_forsak3n.: this game isn't half over
(28:41 / All) Sangre: gg
(29:49 / All) zZ13ManZz: hey yellow
(30:01 / All) zZ13ManZz: WTF told you ya could have that mine?
(31:15 / Allies) HitR_in_dA_ShTR: i got blue
(31:17 / Allies) HitR_in_dA_ShTR: dont fux with him
(32:21 / All) OBrother: I have 11 wyverns
(32:22 / All) HitR_in_dA_ShTR: damn red sux too
(32:27 / All) Sangre: then gg
(32:47 / All) HitR_in_dA_ShTR: dumbass teal just had to wait till pink got R burrows
(33:24 / All) Sangre: gg men
(33:29 / All) k0d0s_forsak3n.: stay green
(33:33 / All) HitR_in_dA_ShTR: owned u purple
(33:45 / All) Sangre: lol a team of you owned you xD
(33:47 / All) HitR_in_dA_ShTR: teal ur the reason we lost
(33:55 / All) Sangre: WHAT A NOB...
(34:02 / Allies) HitR_in_dA_ShTR: focus hero teal
(34:03 / All) Sangre: RUN TELA PUSSY
(34:03 / Allies) HitR_in_dA_ShTR: bm
(34:08 / All) Sangre: TELA HERO NOW
(34:25 / All) zZ13ManZz: hes bs
(34:28 / All) zZ13ManZz: DICKWAD
(35:02 / All) zZ13ManZz: Pink go and piss up a flagpole phedo
(35:02 / All) Bispho: GO TREE OF LIFE!!!!!!!
(35:08 / All) Bispho: lol
(35:15 / All) Bispho: hey man!!!!!!!!!!!
(35:18 / All) Bispho: WTF PINK
(35:19 / All) k0d0s_forsak3n.: ill feed u gold green
(35:19 / All) k0d0s_forsak3n.: stay
(35:28 / All) zZ13ManZz: please stop
(35:30 / All) zZ13ManZz: PLEASE
(35:33 / All) zZ13ManZz: pink
(35:37 / All) Bispho: pink is bsing us all
(35:42 / All) k0d0s_forsak3n.: so what i stabbed red
(35:50 / All) Bispho: i will b listening to radio and waching tv
(35:56 / All) k0d0s_forsak3n.: '/stats bispho
(36:24 / All) zZ13ManZz: yay
(36:26 / All) zZ13ManZz: LOLLOLO
(36:33 / All) k0d0s_forsak3n.: what orange?
(36:43 / All) Sangre: pink its bsing all of us
(36:49 / All) k0d0s_forsak3n.: ur not listening
(36:50 / All) k0d0s_forsak3n.: i
(36:51 / All) k0d0s_forsak3n.: bsed
(36:52 / All) k0d0s_forsak3n.: red
(36:54 / All) k0d0s_forsak3n.: its fair
(36:59 / All) OBrother: construct an arena
(37:04 / All) k0d0s_forsak3n.: aight
(37:06 / All) k0d0s_forsak3n.: everybody stay
(37:07 / All) zZ13ManZz: So?
(37:09 / All) Bispho: SO WHY DONT U BS U ALL?!!!
(37:10 / All) k0d0s_forsak3n.: we shall build an arena
(37:13 / All) zZ13ManZz: It's still annoying
(37:17 / All) Bispho: IDIOT TEAL
(37:23 / All) Sangre: they want ot play a game
(37:24 / All) zZ13ManZz: Yeha!!
(37:25 / All) HitR_in_dA_ShTR: teal sux
(37:28 / All) Bispho: PINK IS BSING ALL, BUT UR ABSING ONLY RED
(37:44 / All) k0d0s_forsak3n.: that almost made sense, yellow
(37:45 / All) k0d0s_forsak3n.: almost
(37:47 / All) Sangre: whatever i go for some food
(37:54 / All) k0d0s_forsak3n.: what u eating
(38:44 / All) k0d0s_forsak3n.: attention all
(38:49 / All) k0d0s_forsak3n.: me and pink are building an arena
(39:01 / All) k0d0s_forsak3n.: the best participants from around the globe will compete
(39:04 / All) k0d0s_forsak3n.: for the ultime prize
(39:17 / All) k0d0s_forsak3n.: a one night stand with hitler
(40:25 / All) HitR_in_dA_ShTR: teal is building a fortress above red
(40:26 / All) k0d0s_forsak3n.: did ur team even creep
(40:28 / All) HitR_in_dA_ShTR: cuz he's an idiot
(40:38 / All) k0d0s_forsak3n.: ur team's side has creeps still there
(43:11 / All) zZ13ManZz: So pink
(43:15 / All) OBrother: Stop sir
(43:16 / All) zZ13ManZz: Are you gonna help?
(43:26 / All) OBrother: You will cost me a fortune
(43:30 / All) k0d0s_forsak3n.: oops
(44:26 / All) zZ13ManZz: So, pink
(44:31 / All) zZ13ManZz: Whats youyr plan>
(44:37 / All) zZ13ManZz: *Your plan?
(44:39 / All) OBrother: Shut your bloody noise up
(45:02 / All) zZ13ManZz: Are you an aussie?
(45:08 / All) OBrother: I'm an American
(45:35 / All) OBrother: I didn't say bloddy
(45:37 / All) OBrother: I said bloody
(45:42 / All) OBrother: CAn't you read you spic?
(45:58 / All) OBrother: It's English
(46:03 / All) OBrother: Shut your bloody noise up
(46:13 / All) OBrother: Kangaroo riding wanker
(46:21 / All) OBrother: Twat
(46:25 / All) k0d0s_forsak3n.: why did pink bs u guys
(46:28 / All) k0d0s_forsak3n.: he was helping u?
(46:40 / All) OBrother: Daft cunt
(46:40 / All) zZ13ManZz: No.
(46:45 / All) OBrother: I bet you're a kiwi
(46:52 / All) OBrother: You sound like a kiwi!
(46:55 / All) zZ13ManZz: Naa.
(46:59 / All) zZ13ManZz: I'm not.
(47:03 / All) zZ13ManZz: Fuck off.
(47:06 / All) zZ13ManZz: I'm not
(47:11 / All) OBrother: You're definitely a kiwi
(47:26 / All) OBrother: do you shag sheep or is that just aussies?
(47:38 / All) zZ13ManZz: Do yourself a favour
(47:43 / All) zZ13ManZz: And shut the fuck up.
(47:55 / All) Bispho: hm imback
(47:58 / All) zZ13ManZz: Don't waste your breath.
(48:02 / All) zZ13ManZz: Fag.
(48:05 / All) Bispho: so u guys spent all this time talking?
(48:11 / All) OBrother: Do kiwis partake in the great tradition of premarital sheep shagging
(48:12 / All) zZ13ManZz: aHA
(48:13 / All) Bispho: lol u guys r dumbs
(48:15 / All) OBrother: or is that Aussie only?
(48:18 / All) zZ13ManZz: nO.
(48:30 / All) zZ13ManZz: But i have a feeling that you do.
(48:43 / All) OBrother: I'm not Australian!
(48:49 / All) OBrother: We don't shag sheep
(48:51 / All) zZ13ManZz: So.
(48:55 / All) zZ13ManZz: Neither do we?
(49:02 / All) OBrother: I didn't think kiwis did
(49:03 / All) zZ13ManZz: Wered you get that shit from?...
(49:05 / All) OBrother: I was asking
(49:06 / All) zZ13ManZz: The bible?
(49:23 / All) zZ13ManZz: The american edition
(49:29 / All) zZ13ManZz: By the way...
(49:42 / All) zZ13ManZz: We have a ranga for a pm
(52:00 / All) OBrother: Yellow are you there
(52:08 / All) OBrother: Do yo uwant your warden?
(54:08 / All) OBrother: jumped two levels
(60:08 / All) OBrother: I've got 30 k
(60:12 / All) k0d0s_forsak3n.: 2k
(60:14 / All) k0d0s_forsak3n.: damn
(60:15 / All) k0d0s_forsak3n.: 30k
(60:24 / All) OBrother: move your peons to the mines
(60:27 / All) OBrother: don't make new ones
(61:33 / All) Sangre: can u guys tell me what are u doing?
(61:44 / All) OBrother: None of your business
(61:52 / All) OBrother: Unless you want to pay the price of entry
(61:53 / All) Sangre: what akido are u
(64:35 / All) zZ13ManZz: Umm
(64:42 / All) k0d0s_forsak3n.: its an arena orange
(64:45 / All) k0d0s_forsak3n.: u will particip;ate
(64:46 / All) zZ13ManZz: Can't we just get this over with
(65:07 / All) zZ13ManZz: how
(65:10 / All) zZ13ManZz: I got nothing
(65:18 / All) OBrother: making a concession stand
(65:57 / All) k0d0s_forsak3n.: both
(66:35 / All) OBrother: why does it go shelf to shelf
(69:02 / All) k0d0s_forsak3n.: wehre do we put opening
(69:45 / All) OBrother: right side
(69:46 / All) OBrother: middle
(69:56 / All) k0d0s_forsak3n.: for?
(70:04 / All) OBrother: opening
(70:20 / All) OBrother: along with some watch towers at the entrance
(70:22 / All) k0d0s_forsak3n.: i say left side
(70:36 / All) OBrother: needs to be near the concession stand
(71:23 / All) Sangre: somthing its wrong with u guys
(71:30 / All) k0d0s_forsak3n.: lalw
(71:33 / All) Sangre: does your dad touched you when u was little?
(71:55 / All) Sangre: its ok i am a psicologyst
(72:01 / All) k0d0s_forsak3n.: yea i have problems
(72:11 / All) Sangre: tell me teal whats wrong with u
(72:15 / All) k0d0s_forsak3n.: daddy touched me and mom drank and brought home strange men to our house
(72:30 / All) Sangre: ic well how u feel about that?
(72:43 / All) Sangre: does u think ur mom its whore?
(73:01 / All) Sangre: or do you think ur dad its a baybe ripper?
(73:11 / All) Sangre: u have bad feelling for them?
(74:44 / All) Sangre: make volcano pink
(75:32 / All) Sangre: lol pink hero its cumming!!!
(77:10 / All) Sangre: it would be a winner team or not?
(78:01 / All) OBrother: How much gold do you have
(78:04 / All) k0d0s_forsak3n.: 4k
(78:19 / All) OBrother: k I'll kill those two heroes with firelord after they level 10
(78:38 / All) Sangre: teal do doom
(78:48 / All) Sangre: i've never seen the doom atck from pito lord
(78:59 / All) OBrother: don't kill peon
(79:00 / All) k0d0s_forsak3n.: bring peasant
(79:38 / All) Sangre: make doom teal
(82:03 / All) k0d0s_forsak3n.: how do i make red buy a tavern hero
(82:10 / All) OBrother: can't
(82:15 / All) OBrother: move the pitlrod
(83:13 / All) k0d0s_forsak3n.: ok got our 2 heros
(84:40 / All) OBrother: Who challenges Kar the Everburning?
(85:02 / All) Sangre: patetic...
(85:13 / All) k0d0s_forsak3n.: lawl
(85:27 / All) OBrother: None are man enough for face me?
(85:40 / All) k0d0s_forsak3n.: ragepyre shall challenge u
(85:42 / All) Sangre: I repeat P.A.T.E.T.I.C
(85:43 / All) k0d0s_forsak3n.: lord of the flame
(86:06 / All) OBrother: And therefore prove that you don't know how to spell "pathetic"
(86:11 / All) OBrother: which is pathetic
(86:22 / All) Sangre: YOU UNDERSTAND ME...
(86:36 / All) OBrother: Is this a humble offering for Kar?
(86:47 / All) Sangre: HOW HTE FUCK OLD ARE YOU"?
(86:52 / All) Sangre: THE*
(86:53 / All) k0d0s_forsak3n.: 24 and a gladiator
(86:55 / All) OBrother: I am hungry, I need a true meal! Bring forth a challenger worth being in teh same arena as I
(86:56 / All) k0d0s_forsak3n.: born to fight
(86:58 / All) k0d0s_forsak3n.: for my country
(86:59 / All) Sangre: OMFG!!!....
(87:35 / All) Sangre: 24 YRS OLD .... OK MY BAD... THATS PATETIC...
(88:15 / All) Sangre: U KNOW THERES A GAME CALLED DOTA... AND THEY PLAY WITH HEROS FOR KILLING EACH OTHER ISNT?
(88:21 / All) Sangre: THIS IS B NET... NOT ARENA NET...
(89:18 / All) OBrother: This is BSERattle.net
(89:32 / All) Sangre: and whats the point?
(89:44 / All) k0d0s_forsak3n.: a challenger has arrived
(89:47 / All) k0d0s_forsak3n.: Rageypre
(90:12 / All) OBrother: Come forth
(90:20 / All) OBrother: Step to me, tough guy
(90:51 / All) OBrother: You mock me?
(90:54 / All) k0d0s_forsak3n.: i mock you
(90:55 / All) k0d0s_forsak3n.: scum
(91:02 / All) k0d0s_forsak3n.: i will insult your championship belt
(91:09 / All) k0d0s_forsak3n.: i am the heavyweight ruler of medieval japan
(91:11 / All) OBrother: I shall crush your bones and cave your fiery airy skull!
(91:19 / All) k0d0s_forsak3n.: i honor the old tradional ways
(91:21 / All) Sangre: omfg....
(91:32 / All) Sangre: dude... i am making video of this
(91:36 / All) Sangre: and ur getting recorded
(91:45 / All) Sangre: how kid you being
(92:01 / All) OBrother: VICTORY
(92:05 / All) OBrother: FLAWLESS VICTORY!
(92:09 / All) k0d0s_forsak3n.: a new champion arises
(92:31 / All) OBrother: It is Daisho who shall fight
(92:52 / All) OBrother: Gogonnah
(92:59 / All) k0d0s_forsak3n.: gogonnash has arrived
(93:00 / All) OBrother: Daisho remembers Gogonnash
(93:02 / All) k0d0s_forsak3n.: on the battlefield
(93:04 / All) OBrother: The pitlord who enslaved his village
(93:16 / All) OBrother: When Daisho turned his back on shamanry
(94:13 / All) OBrother: And now Daisho finally has his revenge
(94:14 / All) k0d0s_forsak3n.: bandis forgefire
(94:17 / All) k0d0s_forsak3n.: is nexxt
(94:43 / All) k0d0s_forsak3n.: FOr death and honor
(95:39 / All) k0d0s_forsak3n.: for the glory of rome
(95:44 / All) OBrother: Kar the no longer burning
(95:50 / All) OBrother: *daisho mocks*
(95:52 / All) Sangre: its nordic u idiot..
(96:12 / All) OBrother: What is Nordic
(96:15 / All) k0d0s_forsak3n.: lorn bloodsekker is up next
(96:28 / All) Sangre: like thor?
(96:33 / All) OBrother: Yeah
(96:35 / All) OBrother: What is Nordic
(96:37 / All) OBrother: Gladiators?
(96:51 / All) OBrother: This will be a quick match
(96:52 / All) Sangre: u mean what type of race they was?
(96:55 / All) Sangre: or somthing?
(97:01 / All) OBrother: You said something was Nordic
(97:11 / All) Sangre: aaaa Bandis Forgefire
(97:19 / All) Sangre: the other guy says for glory of Rome
(97:30 / All) OBrother: Stop your bellyaching and enjoy the show
(97:31 / All) Sangre: and i said he was Nordic not Rome...
(97:47 / All) OBrother: He fights in the shows of Rome
(97:49 / All) OBrother: deal with it
(97:51 / All) Sangre: dude thats why ppl play dota
(97:52 / All) OBrother: and get over it
(98:00 / All) Sangre: not this things but ok
(98:01 / All) OBrother: Build a bridge and dry your tears little girl
(98:27 / All) OBrother: Champion vs champion in our main event?
(98:29 / All) Sangre: ... lol... well somebody of u will be tired soon and leave... i go sleep and if the other team leave first thx for free win
(99:04 / All) Sangre: i go for smokes ladies bb
(99:30 / All) k0d0s_forsak3n.: who dare challenges bandis
(99:55 / All) OBrother: Daisho
(100:04 / All) OBrother: Bring your old ass up to get smacked down
(100:45 / All) OBrother: What is this tomfoolery!?
(100:55 / All) OBrother: CHEATS
(101:05 / All) OBrother: Automatic DQ For Bandis!
(101:15 / All) OBrother: Ultimate Champion of Ultimateness is Daisho1
(101:19 / All) OBrother: DAISHO IS CHAMP!
(101:20 / All) k0d0s_forsak3n.: if i win the match i get to touch the emperor's kids so everything is fair game
(101:54 / All) k0d0s_forsak3n.: champion
(102:02 / All) OBrother: DQ'd
(102:09 / All) OBrother: Daisho is champion
(104:45 / All) k0d0s_forsak3n.: for the glory of rome
(104:52 / All) k0d0s_forsak3n.: for Casear
(104:54 / All) OBrother: This isn't over Bandis
(104:57 / All) OBrother: That belt is mind
(105:04 / All) k0d0s_forsak3n.: mark atony will regret the day he lived
(105:06 / All) OBrother: the coveted "diamon" belt of Bulgaria
(106:03 / All) k0d0s_forsak3n.: what is this treachery you are conjuring
(106:15 / All) k0d0s_forsak3n.: flying beasts that pluck the eyes of the unrighteous
(107:49 / All) OBrother: WHERE ARE YOU BANDIS?
(108:21 / All) k0d0s_forsak3n.: rome has fallen
(108:24 / All) OBrother: THE DIAMON BELT BELONGS TO ITS RIGHTFUL OWNER
(108:27 / All) k0d0s_forsak3n.: to cannibal
(108:30 / All) k0d0s_forsak3n.: and carthage
(111:46 / All) k0d0s_forsak3n.: check msn for pic
(112:06 / All) k0d0s_forsak3n.: forgot to take a pic of us fighting while spectators were in the picture
(112:14 / All) OBrother: lawl
(112:17 / All) OBrother: save replay
(114:59 / All) OBrother: all of my team stayed for the entire duration of this game lol
(115:15 / All) k0d0s_forsak3n.: its very admirable
(115:57 / All) OBrother: FOR THE DIAMON BELT!
(116:00 / All) OBrother: FOR BULGARIA!
(116:13 / All) k0d0s_forsak3n.: ur bm raped my pitlord in the ass